 Dungeon Crawl Stone Soup version 0.31-a0-1376-g36f0627844 (webtiles) character file.

Game seed: 13834292712267799970

1518932 EnegeticOcto the Shatterer (level 26, 291/291 HPs)
             Began as an Oni Monk on Dec 23, 2023.
             Was the Champion of Makhleb.
             Escaped with the Orb
             ... and 3 runes on Dec 24, 2023!
             The game lasted 02:06:55 (81700 turns).

EnegeticOcto the Shatterer (Oni Monk)              Turns: 81700, Time: 02:06:56

Health: 291/291    AC: 37    Str: 26    XL:     26   Next: 95%
Magic:  37/37      EV: 24    Int: 11    God:    Makhleb [******]
Gold:   1699       SH:  0    Dex: 19    Spells: 32/45 levels left

rFire   + + +        a - +7 great mace "Firestarter" {flame, immolate, rFlCloud rF++}
rCold   + . .        (shield currently unavailable)
rNeg    + . .        y - +10 gold dragon scales of Calculation {Rampage rElec rPois rF+ rC+ SInv}
rPois   +            P - +1 hat of Salvation {rN+ Regen+ Slay-2}
rElec   +            p - +1 cloak of the Last Lives {^Drain rF+ Str+4}
rCorr   +            (gloves unavailable)
SInv    +            (boots unavailable)
Will    +++..        B - amulet of Midsummer {Regen+ Slay+5 Stlth-} Stlth
                     w - ring of the Hare {EV+10}
HPRegen 2.28/turn    K - ring of Understanding {rF+ Will+ rCorr Str+2}
MPRegen 0.25/turn

%: rampage
@: no status effects
A: large, unfitting armour, horns 1, tough skin 1, double potion healing,
drunken brawling, weak 1
0: Orb of Zot
}: 3/15 runes: decaying, silver, gossamer
a: Renounce Religion, Minor Destruction, Lesser Servant of Makhleb, Major
Destruction, Greater Servant of Makhleb


You escaped.
You worshipped Makhleb.
Makhleb was exalted by your worship.
You visited 9 branches of the dungeon, and saw 47 of its levels.
You visited the Abyss 1 time.
You visited 1 bazaar.
You also visited: Trove, Sewer, Bailey, Ice Cave and Desolation.

You collected 7935 gold pieces.
You spent 6236 gold pieces at shops.

Inventory:

Hand Weapons
 a - the +7 great mace "Firestarter" (weapon) {flame, immolate, rFlCloud rF++}
   (You took it off an efreet on level 11 of the Dungeon)

   rFlCloud:  It grants immunity to clouds of flame.
   rF++:      It greatly protects you from fire.
 b - the +3 giant club "Skullcrusher" {speed, Str+7}
   (You found it in the Desolation of Salt)

   Str+7:     It affects your strength (+7).
 c - a +9 spectral giant spiked club
   (You acquired it in a bailey)
Missiles
 J - 12 curare-tipped darts
Armour
 p - the +1 cloak of the Last Lives (worn) {^Drain rF+ Str+4}
   (You found it on level 2 of the Elven Halls)

   Str+4:     It affects your strength (+4).
   rF+:       It protects you from fire.
   ^Drain:    It drains your maximum health when unequipped.
 y - the +10 gold dragon scales of Calculation (worn) {Rampage rElec rPois rF+ rC+ SInv}
   (You found it in a treasure trove)

   rF+:       It protects you from fire.
   rC+:       It protects you from cold.
   rElec:     It insulates you from electricity.
   rPois:     It protects you from poison SInv: It lets you see invisible.
   Rampage:   It bestows one free step when moving towards enemies.
 P - the +1 hat of Salvation (worn) {rN+ Regen+ Slay-2}
   (You found it in a treasure trove)

   Slay-2:    It affects your accuracy & damage with ranged weapons and melee
   (-2).
   rN+:       It protects you from negative energy.
   Regen+:    It increases your rate of health regeneration.
Jewellery
 e - the ring of Shadows {Umbra +Inv Stlth+}
   (You took it off a vampire mage on level 2 of the Depths)

   [ring of stealth]

   Umbra:     It surrounds you with an aura of shadow, increasing your stealth
   and reducing the accuracy of all others within it.
   +Inv:      It lets you turn invisible.
   Stlth+:    It makes you more stealthy.
 m - the ring "Peprip" {+Blink rElec rF+ Int-3 SInv}
   (You found it on level 2 of the Swamp)

   [ring of protection from fire]

   Int-3:     It affects your intelligence (-3).
   rF+:       It protects you from fire.
   rElec:     It insulates you from electricity.
   SInv:      It lets you see invisible.
   +Blink:    It lets you blink.
 w - the ring of the Hare (left hand) {EV+10}
   (You took it off a vault sentinel on level 5 of the Vaults)

   [ring of evasion]

   EV+10:     It affects your evasion (+10).
 B - the amulet of Midsummer (around neck) {Regen+ Slay+5 Stlth-}
   (You bought it in a shop on level 2 of the Depths)

   [amulet of regeneration]

   Slay+5:    It affects your accuracy & damage with ranged weapons and melee
   (+5).
   Regen+:    It increases your rate of health regeneration.
   Stlth-:    It makes you less stealthy.
 G - a ring of positive energy
   (You found it on level 5 of the Dungeon)
 K - the ring of Understanding (right hand) {rF+ Will+ rCorr Str+2}
   (You took it off a deep elf master archer on level 3 of the Elven Halls)

   [ring of resist corrosion]

   Str+2:     It affects your strength (+2).
   rF+:       It protects you from fire.
   Will+:     It increases your willpower.
   rCorr:     It protects you from acid and corrosion.
Wands
 d - a wand of digging (17) {@v3}
   (You found it on level 9 of the Dungeon)
 l - a wand of acid (32) {@v1}
   (You found it on level 6 of the Dungeon)
 r - a wand of roots (41) {@v2}
   (You found it on level 12 of the Dungeon)
 u - a wand of charming (51)
   (You found it on level 3 of the Dungeon)
 F - a wand of polymorph (18)
   (You found it on level 3 of the Elven Halls)
 H - a wand of flame (61) {@v4}
   (You found it on level 5 of the Dungeon)
 T - a wand of mindburst (30)
   (You found it on level 4 of the Lair of Beasts)
Scrolls
 o - 6 scrolls of fog {!r}
 t - 4 scrolls of torment
 v - 27 scrolls of teleportation {@r3 !r}
 x - 7 scrolls of vulnerability
 z - 6 scrolls of immolation
 A - 2 scrolls of silence {!r}
 C - 6 scrolls of summoning
 D - 3 scrolls of revelation {@r5 !r}
 R - 3 scrolls of blinking {@r4}
 S - 5 scrolls of poison
Potions
 f - 6 potions of resistance
 g - 18 potions of heal wounds {@q2 !q}
 i - 10 potions of lignification {@q6}
 j - 2 potions of magic
 k - 11 potions of haste {@q4 !q}
 n - 24 potions of curing {@q1 !q}
 q - 4 potions of berserk rage
 E - 7 potions of enlightenment
 L - 11 potions of mutation
 M - 11 potions of ambrosia
 N - 3 potions of cancellation
 O - 8 potions of invisibility
 Q - 2 potions of attraction
 V - 3 potions of might {@q3 !q}
 Z - 4 potions of brilliance
Miscellaneous
 h - a sack of spiders
   (You found it on level 1 of the Vaults)
 s - a phial of floods
   (You found it on level 5 of the Vaults)
 I - a condenser vane
   (You found it on level 5 of the Vaults)


   Skills:
 - Level 22.0 Fighting
 - Level 22.0 Maces & Flails
 + Level 19.9 Armour
 + Level 21.4 Dodging
 - Level 3.1 Shields
 - Level 10.0 Spellcasting
 - Level 15.0 Translocations
 - Level 18.0 Invocations
 - Level 12.0 Evocations


You had 32 spell levels left.
You knew the following spells:

 Your Spells              Type           Power      Damage    Failure   Level
a - Lesser Beckoning      Tloc           76%        N/A       1%          2
b - Manifold Assault      Tloc           38%        N/A       3%          4
c - Passage of Golubria   Tloc           38%        N/A       3%          4
d - Apportation           Tloc           76%        N/A       1%          1
Y - Blink                 Tloc           76%        N/A       1%          2

Your spell library contained the following spells:

 Spells                   Type           Power      Damage    Failure   Level
 Gell's Gravitas          Tloc           38%        N/A       1%          3
 Teleport Other           Tloc           38%        N/A       1%          3
 Dispersal                Tloc           19%        N/A       50%         6
 Dimensional Bullseye     Hex/Tloc       11%        N/A       63%         4
 Iskenderun's Mystic Bla  Conj/Tloc      22%        2d6       63%         4
 Foxfire                  Conj/Fire      20%        2x1d5     87%         1
 Freeze                   Ice            20%        1d4       87%         1
 Magic Dart               Conj           20%        1d4       87%         1
 Necrotise                Necr           20%        1d5       87%         1
 Sandblast                Erth           10%        2d5       87%         1
 Shock                    Conj/Air       20%        1d4       87%         1
 Slow                     Hex            20%        N/A       87%         1
 Sting                    Conj/Alch      20%        1d4       87%         1
 Summon Small Mammal      Summ           20%        N/A       87%         1
 Summon Forest            Summ/Tloc      11%        N/A       92%         5
 Call Imp                 Summ           10%        N/A       95%         2
 Cigotuvi's Dreadful Rot  Necr/Alch/Air  10%        N/A       95%         2
 Ensorcelled Hibernation  Hex/Ice        10%        N/A       95%         2
 Jinxbite                 Hex            10%        N/A       95%         2
 Passwall                 Alch/Erth      4%         N/A       95%         2
 Confusing Touch          Hex            5%         N/A       99%         3
 Frozen Ramparts          Ice            10%        1d2       99%         3
 Fugue of the Fallen      Necr           5%         N/A       99%         3
 Hailstorm                Conj/Ice       5%         3d5       99%         3
 Inner Flame              Hex/Fire       5%         N/A       99%         3
 Sigil of Binding         Hex            5%         N/A       99%         3
 Stone Arrow              Conj/Erth      10%        3d7       99%         3
 Swiftness                Air            5%         N/A       99%         3
 Tukima's Dance           Hex            5%         N/A       99%         3
 Vampiric Draining        Necr           5%         2d6       99%         3
 Airstrike                Air            2%         2d(1-17)  100%        4
 Anguish                  Hex/Necr       2%         N/A       100%        4
 Animate Armour           Summ/Erth      10%        N/A       100%        4
 Animate Dead             Necr           5%         N/A       100%        4
 Brom's Barrelling Bould  Conj/Erth      5%         2d3       100%        4
 Flame Wave               Conj/Fire      5%         2d5       100%        4
 Ignite Poison            Fire/Alch      5%         N/A       100%        4
 Sticky Flame             Fire/Alch      5%         2d4       100%        4
 Summon Ice Beast         Ice/Summ       5%         N/A       100%        4
 Alistair's Intoxication  Alch           3%         N/A       100%        5
 Borgnjor's Vile Clutch   Necr/Erth      2%         N/A       100%        5
 Fireball                 Conj/Fire      2%         3d4       100%        5
 Freezing Cloud           Conj/Ice/Air   2%         6-21      100%        5
 Irradiate                Conj/Alch      2%         3d12      100%        5
 Iskenderun's Battlesphe  Conj           5%         2d6       100%        5
 Summon Mana Viper        Hex/Summ       5%         N/A       100%        5
 Yara's Violent Unravell  Hex/Alch       2%         3d3       100%        5
 Bombard                  Conj/Erth      2%         9d1       100%        6
 Conjure Ball Lightning   Conj/Air       2%         3x3d6     100%        6
 Death Channel            Necr           2%         N/A       100%        6
 Eringya's Noxious Bog    Alch           2%         4d6       100%        6
 Plasma Beam              Fire/Air       2%         2x1d12    100%        6
 Simulacrum               Ice/Necr       2%         N/A       100%        6
 Starburst                Conj/Fire      2%         6d3       100%        6
 Summon Cactus Giant      Summ           2%         N/A       100%        6
 Enfeeble                 Hex            2%         N/A       100%        7
 Monstrous Menagerie      Summ           2%         N/A       100%        7
 Ozocubu's Refrigeration  Ice            2%         4d8       100%        7
 Spellforged Servitor     Conj/Summ      2%         N/A       100%        7
 Discord                  Hex            2%         N/A       100%        8
 Disjunction              Tloc           19%        N/A       100%        8
 Ignition                 Fire           2%         3d3       100%        8
 Lehudib's Crystal Spear  Conj/Erth      2%         10d2      100%        8
 Chain Lightning          Conj/Air       2%         3d3       100%        9
 Fire Storm               Conj/Fire      2%         8d1       100%        9
 Polar Vortex             Ice            2%         N/A       100%        9
 Shatter                  Erth           2%         3d6*      100%        9


Dungeon Overview and Level Annotations

Branches:
Dungeon (15/15)            Temple (0/1) D:6            Lair (5/5) D:10
  Swamp (4/4) Lair:2       Spider (4/4) Lair:3        Slime (0/5) Lair:4
    Orc (2/2) D:11            Elf (3/3) Orc:2        Vaults (5/5) D:14
  Crypt (0/3) Vaults:3     Depths (4/4) D:15            Zot (5/5) Depths:4
  Sewer (visited)          Bailey (visited)           IceCv (visited)
Desolation (visited)

Altars:
Ashenzari
Cheibriados
Dithmenos
Elyvilon
Fedhas
Kikubaaqudgha
Makhleb
Trog
Uskayaw
Vehumet
Wu Jian
Xom
The Shining One

Shops:
D:1 [   D:4 *   D:5 !   D:11 [*[:?:   Orc:2 !*((?[   Elf:3 :?*(   Vaults:2 *
Vaults:4 (   Depths:1 (   Depths:2 [==   Depths:4 !(?

Portals:
Hell: Depths:1 Depths:2 Depths:3 Depths:4
Abyss: Depths:3 Depths:4
Pandemonium: Depths:2
Ziggurat: Depths:3

Annotations:
Elf:1 1 runed translucent door, TheSeeker391's ghost, journeyman HOFi
Elf:2 3 runed translucent doors, exclusion: door
Vaults:4 36 runed doors
Zot:4 1 exclusion


Innate Abilities, Weirdness & Mutations

You are too large for most types of armour.
You have a pair of small horns on your head.
You have tough skin. (AC +1)
You gain doubled healing and magic from potions.
Whenever you drink a healing potion, you attack all around you.
You are weak. (Str -2)


Message History

Makhleb accepts your kill.
The cacodemon explodes!
The fiery explosion engulfs you! You resist.
No target in view!
(D) Dungeon (T) Temple (L) Lair (S) Swamp (N) Spider Nest (M) Slime Pits (O) Orcish Mines (E) Elven Halls (V) Vaults (C) Crypt (U) Depths (H) Hell (Z) Zot
Where to? (Tab/Enter - D:1 @ (x,y), ? - help) HP restored.
There is an open door here.
There is a stone staircase leading up here.
You climb upwards.
There is a stone staircase leading down here.
There is a stone staircase leading up here.
You climb upwards.
There is a stone staircase leading down here.
There is a stone staircase leading up here.
You climb upwards.
There is a stone staircase leading down here.
There is a stone staircase leading up here.
You climb upwards.
There is a stone staircase leading down here.
An efreet comes into view.
It is wielding a +2 scimitar of flaming.
Unknown command.
Casting: Manifold Assault (mildly dangerous; 3% risk of failure)
Confirm with . or Enter, or press ? or * to list all spells.
Space momentarily warps into an impossible shape!
You sock the efreet!
The efreet is filled with an inner flame.
Casting: Manifold Assault (mildly dangerous; 3% risk of failure)
Confirm with . or Enter, or press ? or * to list all spells.
Space momentarily warps into an impossible shape!
You bludgeon the efreet!! Makhleb accepts your kill.
The efreet explodes!
(D) Dungeon (T) Temple (L) Lair (S) Swamp (N) Spider Nest (M) Slime Pits (O) Orcish Mines (E) Elven Halls (V) Vaults (C) Crypt (U) Depths (H) Hell (Z) Zot
Where to? (Tab/Enter - D:1 @ (x,y), ? - help)
There is a stone staircase leading up here.
You climb upwards.
There is a stone staircase leading down here.
There is a stone staircase leading up here.
You climb upwards.
There is a stone staircase leading down here.
There is a stone staircase leading up here.
You climb upwards.
There is a stone staircase leading down here.
There is an open door here.
There is an open door here.
Magic restored.
There is a stone staircase leading up here.
You climb upwards.
There is a stone staircase leading down here.
A Tzitzimitl comes into view.
Unknown command.
Casting: Manifold Assault (mildly dangerous; 3% risk of failure)
Confirm with . or Enter, or press ? or * to list all spells.
You miscast Manifold Assault.
You are very lightly contaminated with residual magic.
Nothing appears to happen.
Casting: Manifold Assault (mildly dangerous; 3% risk of failure)
Confirm with . or Enter, or press ? or * to list all spells.
Space momentarily warps into an impossible shape!
You bludgeon the Tzitzimitl!! You burn the Tzitzimitl.
The Tzitzimitl is filled with an inner flame.
Casting: Manifold Assault (mildly dangerous; 3% risk of failure)
Confirm with . or Enter, or press ? or * to list all spells.
Space momentarily warps into an impossible shape!
You barely miss the Tzitzimitl.
Casting: Manifold Assault (mildly dangerous; 3% risk of failure)
Confirm with . or Enter, or press ? or * to list all spells.
Space momentarily warps into an impossible shape!
You beat the Tzitzimitl like a drum!!!
Flame seeps out of the Tzitzimitl.
You burn the Tzitzimitl! Makhleb accepts your kill.
The Tzitzimitl explodes!
Casting: Manifold Assault (mildly dangerous; 3% risk of failure)
Confirm with . or Enter, or press ? or * to list all spells.
You can't see anything to attack.
Unknown command.
(D) Dungeon (T) Temple (L) Lair (S) Swamp (N) Spider Nest (M) Slime Pits (O) Orcish Mines (E) Elven Halls (V) Vaults (C) Crypt (U) Depths (H) Hell (Z) Zot
Where to? (Tab/Enter - D:1 @ (x,y), ? - help)
Your magical contamination has completely faded away.
There is an open door here.
There is a stone staircase leading up here.
You climb upwards.
There is a stone staircase leading down here.
You see here a +0 club.
Magic restored.
There is an open door here.
There is an open door here.
There is an open door here.
There is a staircase leading out of the dungeon here.
You have escaped!

#### ####
##..##########..##
#....'......#...@#
#....#......#....#
##..##########..##
#'##........##'#
#..#..P.P.P.#..#
#..#.P...P..#..#
#..#....P.P8#..#
#..#.P.P.P..#..#
♣#..#......P.#..#


There were no monsters in sight!

Vanquished Creatures
  A dread lich (Vaults:5)
  Mara (Swamp:3)
  Mennas (Vaults:2)
  3 juggernauts
  A Killer Klown (Zot:5)
  Bai Suzhen (Vaults:2)
  A caustic shrike (Depths:3)
  15 golden dragons
  Nikola (Spider:3)
  2 Tzitzimimeh
  7 Orb Guardians
  11 tentacled monstrosities
  A Hell Sentinel (Abyss:3)
  A walking earthen tome (Depths:4)
  A walking crystal tome (Depths:3)
  2 walking divine tomes (Depths:3)
  A lich (Depths:3)
  2 deep elf blademasters (Elf:3)
  4 titans
  3 quicksilver dragons
  An Executioner (Zot:4)
  A walking frostbound tome (Depths:4)
  Asterion (Depths:1)
  A death cob (Zot:4)
  9 sphinxes
  Frances (Swamp:1)
  2 deep elf master archers (Elf:3)
  Aizul (Swamp:4)
  Kirke (Swamp:2)
  4 tengu reavers
  7 shadow dragons
  12 fire giants
  A protean progenitor (Zot:5)
  15 vault wardens
  5 draconian monks
  Donald (Orc:2)
  5 draconian knights
  8 storm dragons
  14 frost giants
  6 iron dragons
  2 draconian shifters
  4 deep elf sorcerers
  9 ghost moths
  The ghost of IcantSneed the Metamorph, an adept OpSh of Gozag (Swamp:2)
  A draconian scorcher (Zot:4)
  2 balrugs (Depths:1)
  9 emperor scorpions
  A reaper (Depths:2)
  2 cacodemons
  2 war gargoyles (Vaults:3)
  An angel (Abyss:3)
  2 curse skulls (Vaults:3)
  4 spriggan defenders
  3 ghouls (Swamp:4)
  4 imperial myrmidons (Desolation)
  A draconian stormcaller (Depths:4)
  3 orc warlords
  4 broodmothers
  4 formless jellyfish
  3 draconian annihilators
  20 ironbound preservers
  26 very ugly things
  7 eleionomae
  6 green draconians
  7 stone giants
  7 ironbound thunderhulks
  4 vampire knights
  3 black draconians
  11 deep elf demonologists
  10 dire elephants
  8 deep elf annihilators
  11 purple draconians
  8 white draconians
  8 deep elf death magi
  2 bunyips
  A lorocyproca (Abyss:4)
  2 red draconians
  3 blizzard demons (Depths:1)
  7 spark wasps
  3 eidola
  5 yellow draconians
  9 ettins
  A green death (Depths:1)
  3 crystal guardians (Desolation)
  5 ragged hierophants (Desolation)
  4 shambling mangroves
  5 fire dragons
  10 yaktaur captains
  Fannar (Lair:2)
  4 deep elf high priests
  9 entropy weavers
  2 spriggan air magi
  5 rakshasas
  An entropy weaver (shapeshifter) (Elf:3)
  34 vault guards
  11 ice dragons
  5 servants of whispers (Desolation)
  6 alligators
  4 great orbs of eyes
  2 ghost crabs
  11 ironbound frosthearts
  A hell beast (Depths:4)
  17 hydras
  2 catoblepae
  8 peacekeepers
  5 jorogumos
  A radroach (shapeshifter) (Depths:2)
  4 ogre magi
  3 radroaches
  20 centaur warriors
  A hell hog (Depths:4)
  12 two-headed ogres
  8 tengu warriors
  9 demonic crawlers
  15 dancing weapons
  6 deep troll shamans
  4 vampire magi
  8 boulder beetles
  6 orc high priests
  2 spriggan berserkers (Depths:3)
  10 deep troll earth magi
  3 thrashing horrors (Abyss:3)
  An occultist (D:15)
  3 death yaks
  A holy swine (Abyss:3)
  18 hell knights
  3 soul eaters
  Urug (D:12)
  2 sun demons (Depths:1)
  A shock serpent (shapeshifter) (Depths:3)
  4 iron trolls
  7 deep elf knights
  A wretched star (Abyss:3)
  2 sixfirhies
  5 pharaoh ants
  5 shadow wraiths
  A death drake (shapeshifter) (Depths:3)
  2 skysharks
  A skeletal warrior (D:13)
  2 goliath frogs (Swamp:3)
  A spark wasp zombie (Depths:2)
  A salamander mystic (Depths:4)
  61 deep trolls
  A golden dragon zombie (Depths:2)
  An obsidian statue (Depths:1)
  6 orb spiders
  10 arcanists
  2 flayed ghosts (Depths:3)
  9 bog bodies
  14 lindwurms
  3 shadow demons (Depths:2)
  9 deep elf archers
  8 spriggan druids
  A glowing orange brain (Depths:3)
  21 ironbound convokers
  A sun moth (Spider:4)
  2 spectral wolf spiders (Spider:3)
  11 swamp dragons
  4 steelbarb worms
  5 necromancers
  8 harpies (Vaults:1)
  4 phantasmal warriors
  11 orc knights
  22 deep elf pyromancers
  A steelbarb worm (shapeshifter) (Depths:2)
  6 wolf spider zombies (Spider:3)
  26 deep elf zephyrmancers
  3 fenstrider witch simulacra (Swamp:2)
  3 orc sorcerers (Orc:2)
  A harpy (shapeshifter) (Vaults:5)
  50 ugly things
  3 will-o-the-wisps (Swamp:3)
  26 wolf spiders
  9 large abominations
  5 starcursed masses (Abyss:3)
  3 spectral spriggans (Swamp:2)
  2 manticores
  4 oklob plants
  An elephant (shapeshifter) (Depths:3)
  7 moths of wrath
  3 salamanders (Depths:4)
  4 elephants (Lair:5)
  9 cyclopes
  3 guardian serpents (Desolation)
  4 kobold blastminers (Orc:2)
  An ice statue (IceCv)
  A frost giant skeleton (Depths:2)
  21 vault sentinels
  A molten gargoyle (Desolation)
  5 black mambas
  4 smoke demons
  2 gargoyles (D:12)
  27 cane toads
  2 orange demons
  10 torpor snails
  26 yaktaurs
  A kobold demonologist (D:10)
  15 komodo dragons
  6 unseen horrors
  3 rime drakes
  10 ice devils (IceCv)
  4 freezing wraiths
  11 tengu conjurers
  5 efreet
  An ancient zyme (Abyss:3)
  A red devil (Depths:1)
  7 tyrant leeches
  3 bloated husks
  2 hellwings (Abyss:3)
  5 wolf spider simulacra (Spider:3)
  6 meliai (Spider:1)
  8 trolls
  3 polar bears
  29 hornets
  A hornet (shapeshifter) (D:13)
  34 tarantellas
  36 blink frogs
  41 saltlings
  2 blink frogs (shapeshifter)
  A glass eye (Depths:3)
  A human simulacrum (Vaults:3)
  44 jumping spiders
  A jumping spider (shapeshifter) (Depths:3)
  2 dream sheep (Lair:4)
  A fire giant simulacrum (Depths:2)
  Sigmund (D:3)
  37 slime creatures
  4 water elementals
  3 shadows
  2 spriggans (shapeshifter)
  4 small abominations
  5 wraiths
  5 wyverns
  A centaur simulacrum (D:14)
  4 dire elephant simulacra (IceCv)
  17 spriggans
  An air elemental (Elf:2)
  53 yaks
  26 culicivoras
  2 vampires
  10 basilisks
  4 ynoxinuls
  A hog (shapeshifter) (D:13)
  9 fire elementals
  3 steam dragons
  A yak (shapeshifter) (D:13)
  A basilisk (shapeshifter) (D:14)
  5 fire bats
  A neqoxec (Depths:1)
  85 redbacks
  3 death yak simulacra (IceCv)
  A golden eye (Lair:5)
  25 vampire mosquitoes
  7 chaos spawn
  3 spatial vortices (Abyss:3)
  3 glowing shapeshifter zombies (Vaults:3)
  A harpy simulacrum (IceCv)
  13 swamp worms
  3 hydra simulacra (IceCv)
  2 acid dragons
  14 water moccasins
  A sky beast (D:8)
  A swamp drake (shapeshifter) (Elf:3)
  4 ice beasts
  26 orc warriors
  2 black bears
  6 swamp drakes
  A crocodile (Sewer)
  12 ogres
  13 wolves
  4 centaurs
  9 kobold brigands
  A brain worm (Sewer)
  24 bullfrogs
  A necrophage (Swamp:4)
  4 earth elementals
  3 two-headed ogre simulacra
  4 scorpions
  3 wights (D:3)
  4 cane toad simulacra (IceCv)
  3 elephant simulacra (IceCv)
  16 killer bees
  7 howler monkeys
  8 electric eels
  8 jellies
  3 hounds (D:5)
  Crazy Yiuf (D:3)
  12 orc priests
  4 sleepcaps
  7 iguanas
  27 orc wizards
  5 spriggan simulacra
  2 troll simulacra (D:11)
  4 polar bear simulacra (IceCv)
  6 wolf simulacra (IceCv)
  2 boggart simulacra
  Robin (D:2)
  15 adders
  A river rat (Sewer)
  A shadow imp (D:7)
  5 white imps
  A bombardier beetle (D:4)
  5 ufetubi
  A worm (D:2)
  A dart slug (D:3)
  70 orcs
  27 endoplasms
  10 giant cockroaches
  22 goblins
  11 hobgoblins
  8 jackals
  30 kobolds
  5 quokkas
  8 ball pythons
  9 bats
  A frilled lizard (D:3)
  A jackal zombie (D:5)
  8 rats
  A rat zombie (D:5)
2327 creatures vanquished.

Vanquished Creatures (collateral kills)
  A thorn hunter (Swamp:1)
  A ghost moth (Spider:4)
  An angel (Abyss:3)
  A hydra (Lair:4)
  A death yak (Lair:1)
  2 spriggans (Swamp:1)
  A goliath frog (Lair:5)
  A bog body (Swamp:1)
  A swamp dragon (Swamp:1)
  A lindwurm (Vaults:2)
  A black mamba (Lair:5)
  A smoke demon (Abyss:3)
  A komodo dragon (Lair:1)
  A hornet (Swamp:1)
  A polar bear (Lair:5)
  A tarantella (Spider:4)
  5 blink frogs
  2 dream sheep (Lair:4)
  8 yaks
  A vampire mosquito (D:9)
  2 basilisks
  A small abomination (Abyss:3)
  2 water moccasins (Lair:5)
  A spriggan simulacrum (Swamp:2)
  A killer bee (D:9)
  A lava snake (Lair:1)
  An iron imp (Abyss:3)
  A starcursed mass (Abyss:3)
43 creatures vanquished.

Vanquished Creatures (others)
  2 bloated husks
  5 humans (Swamp:2)
  A kobold (D:9)
  9 foxfires (Swamp:3)
  A spectral weapon (Lair:2)
18 creatures vanquished.

Grand Total: 2388 creatures vanquished

Notes
Turn   | Place    | Note
-------+----------+-------------------------------------------
     0 | D:1      | EnegeticOcto the Oni Monk began the quest for the Orb.
     0 | D:1      | Reached XP level 1. HP: 24/24 MP: 1/1
   155 | D:1      | Reached XP level 2. HP: 32/32 MP: 2/2
   353 | D:1      | Reached XP level 3. HP: 35/40 MP: 3/3
   501 | D:1      | Found Ivauda's Armour Boutique.
   709 | D:2      | Noticed Robin
   719 | D:2      | Killed Robin
   720 | D:2      | Reached skill level 4 in Maces & Flails
   743 | D:2      | Reached XP level 4. HP: 27/49 MP: 4/4
   969 | D:2      | Noticed an ogre
  1123 | D:2      | Reached skill level 5 in Fighting
  1165 | D:2      | Found a burning altar of Makhleb.
  1180 | D:2      | Became a worshipper of Makhleb the Destroyer
  1180 | D:2      | Reached * piety under Makhleb
  1180 | D:2      | Reached ** piety under Makhleb
  1309 | D:2      | Killed an ogre
  1310 | D:2      | Reached skill level 1 in Invocations
  1310 | D:2      | Reached XP level 5. HP: 55/57 MP: 6/6
  1627 | D:2      | Reached skill level 5 in Maces & Flails
  2094 | D:3      | Reached skill level 2 in Invocations
  2285 | D:3      | Reached XP level 6. HP: 38/67 MP: 7/7
  2288 | D:3      | Reached skill level 6 in Fighting
  2394 | D:3      | Reached skill level 3 in Invocations
  2762 | D:3      | Noticed Sigmund
  2772 | D:3      | Killed Sigmund
  2773 | D:3      | Reached skill level 6 in Maces & Flails
  2773 | D:3      | Reached XP level 7. HP: 69/76 MP: 9/9
  2928 | D:3      | Found a runed translucent door.
  2929 | D:3      | Noticed Crazy Yiuf
  3622 | D:4      | Found Hiawas's General Store.
  3628 | D:4      | Bought a scroll of revelation for 90 gold pieces
  3628 | D:4      | Bought a scroll of teleportation for 36 gold pieces
  3912 | D:4      | Found a bloodstained altar of Trog.
  4100 | D:5      | Entered Level 5 of the Dungeon
  4118 | D:5      | Reached *** piety under Makhleb
  4125 | D:5      | Found a glowing drain.
  4138 | Sewer    | Entered a sewer
  4152 | Sewer    | Reached skill level 4 in Invocations
  4279 | Sewer    | Reached skill level 7 in Fighting
  4321 | Sewer    | Reached skill level 7 in Maces & Flails
  4346 | Sewer    | Reached XP level 8. HP: 83/87 MP: 11/11
  4547 | Sewer    | Reached skill level 5 in Invocations
  4965 | D:5      | Reached skill level 8 in Maces & Flails
  5027 | D:5      | Reached skill level 8 in Fighting
  5294 | D:5      | Found Weuv's Distillery.
  5310 | D:5      | Bought a potion of heal wounds for 60 gold pieces
  5419 | D:5      | Found a blossoming altar of Fedhas.
  5424 | D:5      | Found an ornate altar of the Wu Jian Council.
  5471 | D:5      | Reached skill level 6 in Invocations
  5471 | D:5      | Reached XP level 9. HP: 97/97 MP: 13/13
  5585 | D:5      | Found a radiant altar of Vehumet.
  5585 | D:5      | Found a shadowy altar of Dithmenos.
  5991 | D:5      | Bought a potion of berserk rage for 60 gold pieces
  6017 | D:6      | Identified the +1 whip of the Gnashing Messenger {elec,
                  | Will+}
  6078 | D:6      | Reached **** piety under Makhleb
  6090 | D:6      | Reached skill level 9 in Maces & Flails
  6167 | D:6      | Found a staircase to the Ecumenical Temple.
  6369 | D:6      | Found a snail-covered altar of Cheibriados.
  6372 | D:6      | Reached skill level 9 in Fighting
  6570 | D:7      | Reached skill level 1 in Shields
  6749 | D:7      | Identified the +0 pair of boots of the Final Nights {rElec
                  | Str+5 Int-5 Dex+2}
  7023 | D:7      | Reached skill level 7 in Invocations
  7223 | D:7      | Found a broken altar of Ashenzari.
  7229 | D:7      | Reached skill level 2 in Shields
  7635 | D:8      | Found a flagged portal.
  7658 | Bailey   | Entered a bailey
  7664 | Bailey   | Noticed an orc warlord
  7733 | Bailey   | Reached ***** piety under Makhleb
  7753 | Bailey   | Found a runed translucent gate.
  7753 | Bailey   | Found a runed translucent gate.
  7753 | Bailey   | Found a runed translucent gate.
  7833 | Bailey   | Reached skill level 10 in Maces & Flails
  8007 | Bailey   | Killed an orc warlord
  8008 | Bailey   | Reached skill level 10 in Fighting
  8008 | Bailey   | Reached skill level 3 in Shields
  8008 | Bailey   | Reached XP level 10. HP: 98/110 MP: 15/15
  8055 | Bailey   | Acquired a +7 spectral giant spiked club
  8401 | D:8      | Reached skill level 8 in Invocations
  8629 | D:8      | Found a runed translucent door.
  8732 | D:8      | Found a runed translucent door.
  8834 | D:8      | Noticed a deep elf pyromancer
  8936 | D:8      | Killed a deep elf pyromancer
  8937 | D:8      | Reached skill level 11 in Maces & Flails
  9199 | D:8      | Reached skill level 11 in Fighting
  9429 | D:8      | Reached skill level 9 in Invocations
  9646 | D:9      | Reached XP level 11. HP: 120/120 MP: 17/17
  9653 | D:9      | Reached skill level 3 in Dodging
  9744 | D:9      | Reached skill level 12 in Maces & Flails
 10800 | D:9      | Noticed a two-headed ogre
 10817 | D:9      | Killed a two-headed ogre
 10876 | D:9      | Found a white marble altar of Elyvilon.
 11011 | D:10     | Entered Level 10 of the Dungeon
 11183 | D:10     | Found a staircase to the Lair.
 11208 | D:10     | Reached skill level 4 in Dodging
 11218 | D:10     | Reached skill level 12 in Fighting
 11333 | D:10     | Learned a level 2 spell: Blink
 11439 | D:10     | Reached skill level 10 in Invocations
 11447 | D:10     | Reached skill level 1 in Translocations
 11596 | D:10     | Noticed a two-headed ogre
 11605 | D:10     | Killed a two-headed ogre
 11626 | D:10     | Reached skill level 13 in Maces & Flails
 11811 | D:10     | Noticed a two-headed ogre
 11814 | D:10     | Killed a two-headed ogre
 11815 | D:10     | Reached skill level 2 in Translocations
 11815 | D:10     | Reached XP level 12. HP: 115/133 MP: 19/19
 11999 | Lair:1   | Entered Level 1 of the Lair of Beasts
 12104 | Lair:1   | Reached skill level 5 in Dodging
 12295 | Lair:1   | You fall into a shaft and drop 1 floor!
 12343 | Lair:2   | Noticed a boulder beetle
 12352 | Lair:2   | Killed a boulder beetle
 12377 | Lair:2   | Noticed Fannar
 12397 | Lair:1   | Reached skill level 3 in Translocations
 12462 | Lair:1   | Reached skill level 13 in Fighting
 12490 | Lair:1   | Noticed a death yak
 12491 | Lair:1   | Noticed a death yak
 12491 | Lair:1   | Noticed a death yak
 12515 | Lair:1   | Killed a death yak
 12516 | Lair:1   | Reached skill level 11 in Invocations
 12526 | Lair:1   | Killed a death yak
 12534 | Lair:1   | Reached skill level 14 in Maces & Flails
 12536 | Lair:1   | Killed a death yak
 12613 | Lair:1   | Reached skill level 6 in Dodging
 12660 | Lair:1   | Reached skill level 4 in Translocations
 12955 | Lair:1   | Reached XP level 13. HP: 127/144 MP: 21/21
 13303 | Lair:2   | Killed Fannar
 14177 | Lair:2   | Reached skill level 14 in Fighting
 14191 | Lair:2   | Reached skill level 5 in Translocations
 14341 | Lair:2   | Found a staircase to the Swamp.
 14568 | Lair:3   | Reached skill level 15 in Maces & Flails
 14568 | Lair:3   | Reached skill level 12 in Invocations
 14709 | Lair:3   | Reached skill level 7 in Dodging
 14768 | Lair:3   | Found a hole to the Spider Nest.
 14972 | Lair:3   | Reached ****** piety under Makhleb
 15493 | Lair:4   | Reached XP level 14. HP: 138/157 MP: 23/23
 15689 | Lair:4   | Found a staircase to the Slime Pits.
 16325 | Lair:4   | Reached skill level 6 in Translocations
 16585 | Lair:5   | Entered Level 5 of the Lair of Beasts
 16787 | Lair:5   | Reached skill level 15 in Fighting
 16818 | Lair:5   | Reached skill level 16 in Maces & Flails
 16833 | Lair:5   | Reached skill level 8 in Dodging
 16850 | Lair:5   | Reached skill level 13 in Invocations
 17052 | Lair:5   | Reached skill level 7 in Translocations
 17387 | Lair:5   | Reached XP level 15. HP: 156/167 MP: 25/25
 17509 | Lair:5   | Identified the +7 leather armour of Free Expression {-Cast
                  | rPois Str+6 Dex-2}
 17831 | D:11     | Found Luema's Antique Armour Shop.
 17858 | D:11     | Found Coec's Book Boutique.
 17863 | D:11     | Found Sonuxkits's Assorted Antiques.
 17863 | D:11     | Found Wuaviam's Magic Scroll Shop.
 17870 | D:11     | Found Wonleshyfu's Armour Shop.
 17870 | D:11     | Found Ydoskoadu's Book Boutique.
 17886 | D:11     | Acquired a manual of Maces & Flails
 18000 | D:11     | Reached skill level 17 in Maces & Flails
 18020 | D:11     | Found a frozen archway.
 18069 | IceCv    | Entered an ice cave
 18401 | IceCv    | Reached skill level 16 in Fighting
 18401 | IceCv    | Reached skill level 1 in Armour
 18477 | IceCv    | Reached skill level 1 in Evocations
 18506 | IceCv    | Reached skill level 9 in Dodging
 18547 | IceCv    | Found an ancient bone altar of Kikubaaqudgha.
 18833 | IceCv    | Got the Tome of the Blizzard
 19110 | D:11     | Found a staircase to the Orcish Mines.
 19417 | D:11     | Identified the +1 quarterstaff "Fucyrer" {spect, *Corrode
                  | Will+ Str+4}
 19573 | D:12     | Reached skill level 2 in Armour
 19768 | D:12     | Reached skill level 14 in Invocations
 20015 | D:12     | Identified the +9 war axe of Neshriczo {venom, rPois Int+8
                  | Dex-4 SInv}
 20124 | D:12     | Found a hide-covered altar of Uskayaw.
 20173 | D:12     | Noticed Urug
 20184 | D:12     | Killed Urug
 20185 | D:12     | Reached skill level 2 in Evocations
 20473 | Orc:1    | Entered Level 1 of the Orcish Mines
 21103 | Orc:2    | Entered Level 2 of the Orcish Mines
 21110 | Orc:2    | Found a staircase to the Elven Halls.
 21295 | Orc:2    | Noticed Donald
 21313 | Orc:2    | Killed Donald
 21656 | Orc:2    | Found Semudomam's Magic Scroll Shoppe.
 21674 | Orc:2    | Found Demejug's Armour Boutique.
 21696 | Orc:2    | Reached skill level 3 in Armour
 22025 | Orc:2    | Found a burning altar of Makhleb.
 22340 | Orc:2    | Reached skill level 3 in Evocations
 22955 | Orc:2    | Reached XP level 16. HP: 176/180 MP: 26/26
 23013 | Orc:2    | Found Miefu's Antique Weapon Shop.
 23013 | Orc:2    | Found Voc Focs's Antique Weapon Shoppe.
 23015 | Orc:2    | Found Xaafru's Distillery.
 23015 | Orc:2    | Found Ephiorie's General Store.
 23030 | Orc:2    | Bought a potion of curing for 45 gold pieces
 23030 | Orc:2    | Bought a potion of resistance for 150 gold pieces
 23030 | Orc:2    | Bought a potion of resistance for 150 gold pieces
 23030 | Orc:2    | Bought a potion of curing for 45 gold pieces
 23031 | Orc:2    | Bought a scroll of identify for 32 gold pieces
 23146 | D:11     | Bought a scroll of enchant armour for 82 gold pieces
 23146 | D:11     | Bought a scroll of teleportation for 33 gold pieces
 23146 | D:11     | Bought a scroll of teleportation for 33 gold pieces
 23146 | D:11     | Bought a scroll of identify for 22 gold pieces
 23146 | D:11     | Bought a scroll of identify for 22 gold pieces
 23200 | Orc:2    | Bought 3 scrolls of fear for 156 gold pieces
 23200 | Orc:2    | Bought a scroll of teleportation for 39 gold pieces
 23200 | Orc:2    | Bought a scroll of identify for 26 gold pieces
 23200 | Orc:2    | Bought a scroll of identify for 26 gold pieces
 23357 | D:5      | Bought a potion of heal wounds for 60 gold pieces
 23357 | D:5      | Bought a potion of ambrosia for 96 gold pieces
 23357 | D:5      | Bought a potion of curing for 36 gold pieces
 23357 | D:5      | Bought a potion of magic for 96 gold pieces
 23357 | D:5      | Bought 2 potions of enlightenment for 120 gold pieces
 23357 | D:5      | Bought a potion of curing for 36 gold pieces
 23463 | D:11     | Bought a potion of curing for 72 gold pieces
 23463 | D:11     | Bought a potion of curing for 72 gold pieces
 23463 | D:11     | Bought a pitted broad axe for 216 gold pieces
 23463 | D:11     | Identified the +2 broad axe of Omeunen {pain, rElec rC+
                  | Str-5} (You bought it in a shop on level 11 of the Dungeon)
 23662 | D:13     | Reached skill level 18 in Maces & Flails
 23784 | D:13     | Learned a level 2 spell: Lesser Beckoning
 23881 | D:13     | Reached skill level 4 in Armour
 24320 | D:13     | Paralysed by a hornet for 3 turns
 24655 | D:13     | Reached skill level 17 in Fighting
 24781 | D:13     | Reached skill level 10 in Dodging
 24794 | D:13     | Reached skill level 4 in Evocations
 25486 | D:14     | Found a gate to the Vaults.
 25500 | D:14     | Reached skill level 15 in Invocations
 25964 | D:14     | Reached skill level 5 in Armour
 26846 | D:15     | Entered Level 15 of the Dungeon
 27173 | D:15     | Reached skill level 5 in Evocations
 27364 | D:15     | Found a staircase to the Depths.
 27374 | D:15     | Reached XP level 17. HP: 118/193 MP: 26/28
 28070 | Swamp:1  | Entered Level 1 of the Swamp
 28081 | Swamp:1  | Reached skill level 19 in Maces & Flails
 28638 | Swamp:1  | Noticed Frances
 28648 | Swamp:1  | Killed Frances
 29186 | D:11     | Bought a book of the Warp for 714 gold pieces
 29191 | D:11     | Learned a level 4 spell: Manifold Assault
 29531 | Swamp:2  | Reached skill level 6 in Armour
 29761 | Swamp:2  | Noticed Kirke
 29766 | Swamp:2  | Killed Kirke
 29767 | Swamp:2  | Reached skill level 18 in Fighting
 30866 | Swamp:2  | Found a runed translucent gate.
 30878 | Swamp:2  | Reached skill level 11 in Dodging
 30936 | Swamp:2  | Found a runed translucent gate.
 30937 | Swamp:2  | Found a runed translucent gate.
 30937 | Swamp:2  | Noticed IcantSneed's ghost (adept OpSh)
 31206 | Swamp:2  | Killed IcantSneed's ghost
 31221 | Swamp:2  | Identified the ring "Peprip" {+Blink rElec rF+ Int-3 SInv}
 31242 | Swamp:2  | Identified the +3 trident "Numuwaar" {venom, +Blink rElec
                  | rC++ Str-2}
 31907 | Swamp:3  | Reached skill level 16 in Invocations
 32473 | Swamp:3  | Reached skill level 8 in Translocations
 32569 | Swamp:3  | Identified the +7 battleaxe of Vusy {freeze, rF+ Int+4}
 32984 | Swamp:3  | Noticed Mara
 33007 | Swamp:3  | Killed Mara
 33311 | Swamp:4  | Entered Level 4 of the Swamp
 34528 | Swamp:4  | Reached skill level 1 in Spellcasting
 34528 | Swamp:4  | Reached XP level 18. HP: 203/205 MP: 9/30
 34624 | Swamp:4  | Reached skill level 20 in Maces & Flails
 34855 | Swamp:4  | Reached skill level 9 in Translocations
 34986 | Swamp:4  | Paralysed by a hornet for 2 turns
 35000 | Swamp:4  | Reached skill level 2 in Spellcasting
 36394 | Swamp:4  | Identified the serpent talisman of Hide-and-Seek {rElec rC+
                  | Will+ MP+9}
 36394 | Swamp:4  | Noticed Aizul
 36408 | Swamp:4  | Killed Aizul
 36409 | Swamp:4  | Reached skill level 3 in Spellcasting
 36519 | Swamp:4  | Reached skill level 19 in Fighting
 36880 | Swamp:4  | Got a decaying rune of Zot
 37147 | Spider:1 | Entered Level 1 of the Spider Nest
 37841 | Lair:3   | Reached skill level 4 in Spellcasting
 37841 | Lair:3   | Reached skill level 10 in Translocations
 39573 | Spider:1 | Reached skill level 17 in Invocations
 40047 | Spider:1 | Acquired 980 gold pieces
 40379 | Spider:2 | Reached skill level 5 in Spellcasting
 41360 | Spider:2 | Reached skill level 11 in Translocations
 42416 | Spider:2 | Reached XP level 19. HP: 171/218 MP: 27/31
 42732 | Spider:2 | Reached skill level 6 in Spellcasting
 43397 | Spider:2 | Upgraded the game from 0.31-a0-1363-g282adc679d to
                  | 0.31-a0-1376-g36f0627844
 44604 | Spider:3 | Reached skill level 6 in Evocations
 45135 | Spider:3 | Reached skill level 20 in Fighting
 45679 | Spider:3 | Reached skill level 12 in Translocations
 45823 | Spider:3 | Reached skill level 7 in Spellcasting
 46133 | Spider:4 | Entered Level 4 of the Spider Nest
 46135 | Spider:4 | Noticed Nikola
 46147 | Spider:3 | Killed Nikola
 46203 | Spider:4 | Reached skill level 18 in Invocations
 46345 | Spider:4 | Reached skill level 8 in Spellcasting
 48669 | Spider:4 | Acquired a +4 ring of protection
 48828 | Spider:4 | Identified the +11 dagger "EnegeticOcto's Death" {drain,
                  | rN+}
 49038 | Spider:4 | Identified the +6 war axe of Yrum {holy, rElec rCorr Int+2}
 49054 | Spider:4 | Reached skill level 9 in Spellcasting
 49279 | Spider:4 | Reached skill level 7 in Armour
 50254 | Spider:4 | Reached XP level 20. HP: 228/228 MP: 16/33
 50363 | Spider:4 | Got a gossamer rune of Zot
 50742 | D:3      | Killed Crazy Yiuf
 51092 | Lair:4   | Acquired the ring "Japsoes" {EV+5 Int+3 Dex+3}
 51385 | Elf:1    | Entered Level 1 of the Elven Halls
 51536 | Elf:1    | Reached skill level 12 in Dodging
 52003 | Elf:1    | Reached skill level 10 in Spellcasting
 52264 | Elf:1    | Found a runed translucent door.
 52264 | Elf:1    | Found a shimmering altar of Xom.
 52264 | Elf:1    | Noticed TheSeeker391's ghost (journeyman HOFi)
 52291 | Elf:1    | Reached skill level 8 in Armour
 53284 | Elf:2    | Found the +8 Wrath of Trog {antimagic, *Rage Rampage}
 53302 | Elf:2    | Paralysed by an air elemental for 1 turns
 53613 | Elf:2    | Found a crumbling gateway.
 53614 | Elf:2    | Identified the +1 cloak of the Last Lives {^Drain rF+
                  | Str+4}
 53648 | Desolati | Entered the Desolation of Salt
 54037 | Desolati | Reached skill level 9 in Armour
 54143 | Desolati | Identified the ring "Joeriwuv" {Fly Will+ Int+2}
 54236 | Desolati | Reached skill level 13 in Dodging
 54533 | Desolati | Identified the +4 sling of Ebbeas {heavy, *Corrode rElec
                  | Int+3 SInv}
 55216 | Desolati | Got the Incunabulum of Calescent Calling
 55295 | Desolati | Found the +3 giant club "Skullcrusher" {speed, Str+7}
 55302 | Desolati | Identified the +0 robe of Afedonit {rF+ Dex+3 Stlth+}
 55395 | Desolati | Reached skill level 10 in Armour
 55501 | Desolati | Identified the +5 chain mail "Hepnetok" {Dex+3}
 55503 | Desolati | Identified the +11 chain mail "Hosafadd" {Fly Regen+ Str+4
                  | Int+4}
 55717 | Elf:2    | Found an ancient bone altar of Kikubaaqudgha.
 55950 | Elf:2    | Found a runed translucent gate.
 55950 | Elf:2    | Found a runed translucent gate.
 55950 | Elf:2    | Found a runed translucent gate.
 56020 | Elf:3    | Entered Level 3 of the Elven Halls
 56023 | Elf:3    | Found Towyocru's Book Shoppe.
 56324 | Elf:3    | Found Xaegell's Weapon Boutique.
 56378 | Elf:3    | Found Bounge's General Store.
 56387 | Elf:3    | Identified the +4 falchion "Qouropt" {venom, rF+}
 56668 | Elf:3    | Reached skill level 14 in Dodging
 56678 | Elf:3    | Reached XP level 21. HP: 231/237 MP: 9/35
 57034 | Elf:3    | Found Yrheng's Magic Scroll Shoppe.
 57041 | Elf:3    | Bought a scroll of acquirement for 1092 gold pieces
 57041 | Elf:3    | Acquired the +3 crown of Dyrovepreva {rElec Int+2 SInv}
 57041 | Elf:3    | Found the +3 crown of Dyrovepreva {rElec Int+2 SInv}
 57192 | Elf:3    | Reached skill level 11 in Armour
 58122 | Elf:3    | Identified the +9 great sword "Sesaz" {freeze, rN+}
 58298 | Abyss:3  | Cast into level 3 of the Abyss (a deep elf sorcerer)
 58614 | Elf:3    | Escaped the Abyss
 59489 | Elf:3    | Identified the ring of Understanding {rF+ Will+ rCorr
                  | Str+2}
 59496 | Elf:3    | Identified the ring "Lejief" {rElec rPois Slay+4}
 59660 | Elf:3    | Reached skill level 12 in Armour
 60025 | Elf:3    | Reached skill level 15 in Dodging
 60281 | Elf:3    | Identified the ring "Datoter" {rC+ Str+3 Int+3 Slay+4}
 60512 | Elf:3    | Found the +3 pair of seven-league boots {Rampage+∞}
 60544 | Elf:3    | Identified the +2 ring mail "Inlan" {Harm Regen+ rCorr
                  | Dex+5}
 60803 | Elf:3    | Found Bounge's General Store.
 60831 | Elf:3    | Found Yrheng's Magic Scroll Shoppe.
 60969 | Elf:3    | Found Xaegell's Weapon Boutique.
 61219 | Elf:3    | Found Towyocru's Book Shoppe.
 61697 | Vaults:1 | Entered Level 1 of the Vaults
 61819 | Vaults:1 | Found a flickering gateway to a bazaar.
 61828 | Bazaar   | Entered a bazaar
 61935 | Bazaar   | Found Eghecra's Jewellery Boutique.
 61957 | Bazaar   | Found Mewk's Magic Scroll Emporium.
 61978 | Bazaar   | Found Raabb's Book Boutique.
 61998 | Bazaar   | Found Qiufode's Magic Scroll Shoppe.
 62469 | Vaults:1 | Reached skill level 13 in Armour
 63056 | Vaults:1 | Reached skill level 16 in Dodging
 63199 | Vaults:1 | Reached XP level 22. HP: 245/247 MP: 31/36
 63517 | Vaults:2 | Reached skill level 17 in Dodging
 63645 | Vaults:2 | Found Icvaxien's Assorted Antiques.
 63656 | Vaults:2 | Bought a potion of heal wounds for 130 gold pieces
 63711 | Vaults:2 | Found a portal to a secret trove of treasure.
 63740 | Vaults:2 | Noticed Mennas
 63754 | Vaults:2 | Killed Mennas
 64124 | D:11     | Bought a scroll of fear for 96 gold pieces
 64267 | Vaults:2 | You paid a toll of 8 scrolls of fear to enter a treasure
                  | trove
 64268 | Trove    | Entered a treasure trove
 64272 | Trove    | Identified the +1 hat "Guakyin" {Int+3}
 64274 | Trove    | Identified the +0 ice dragon scales of Fogouguy {rElec rF-
                  | rC++}
 64276 | Trove    | Identified the +1 tower shield of Codoerch {rN+ Str+5}
 64277 | Trove    | Identified the +1 hat of Salvation {rN+ Regen+ Slay-2}
 64278 | Trove    | Identified the +0 hat "Ubuck" {Harm rPois Int-3 Slay+5}
 64280 | Trove    | Identified the +5 tower shield of Vuyserchy {rF+ Int+2
                  | Slay-2}
 64281 | Trove    | Identified the +0 tower shield of Optimism {*Corrode rN+
                  | Int+2 Dex+3}
 64282 | Trove    | Identified the +4 ice dragon scales of Raec {rF- rC++
                  | Str+3}
 64283 | Trove    | Identified the +0 tower shield "Adihyl" {Str+3 SInv}
 64284 | Trove    | Identified the +0 kite shield of the Great Game {rCorr
                  | Str+4 Dex-5}
 64285 | Trove    | Identified the +1 tower shield of the Ward {rF+}
 64286 | Trove    | Identified the +10 gold dragon scales of Calculation
                  | {Rampage rElec rPois rF+ rC+ SInv}
 65145 | Vaults:2 | Noticed Bai Suzhen
 65162 | Vaults:2 | Killed Bai Suzhen
 65901 | Vaults:3 | Reached skill level 21 in Maces & Flails
 65955 | Vaults:3 | Found a staircase to the Crypt.
 66736 | Vaults:3 | Identified the +2 leather armour of Leiq {rPois rC- Will-
                  | Stlth+}
 67054 | Vaults:4 | Reached XP level 23. HP: 233/254 MP: 37/37
 67241 | Vaults:4 | Reached skill level 13 in Translocations
 67263 | Vaults:4 | Reached skill level 14 in Armour
 67272 | Vaults:4 | Reached skill level 18 in Dodging
 67691 | Vaults:4 | Found Gulymm's Antique Weapon Emporium.
 67700 | Vaults:4 | Found a huge runed gate.
 67701 | Vaults:4 | Found a huge runed gate.
 67701 | Vaults:4 | Found a huge runed gate.
 67702 | Vaults:4 | Found a huge runed gate.
 67702 | Vaults:4 | Found a huge runed gate.
 67703 | Vaults:4 | Found a huge runed gate.
 67703 | Vaults:4 | Found a huge runed gate.
 67703 | Vaults:4 | Found a huge runed gate.
 67703 | Vaults:4 | Found a huge runed gate.
 67703 | Vaults:4 | Found a huge runed gate.
 67704 | Vaults:4 | Found a huge runed gate.
 67704 | Vaults:4 | Found a huge runed gate.
 67705 | Vaults:4 | Found a huge runed gate.
 67706 | Vaults:4 | Found a huge runed gate.
 67707 | Vaults:4 | Found a huge runed gate.
 67725 | Vaults:4 | Found a huge runed gate.
 67725 | Vaults:4 | Found a huge runed gate.
 67725 | Vaults:4 | Found a huge runed gate.
 67725 | Vaults:4 | Found a huge runed gate.
 67725 | Vaults:4 | Found a huge runed gate.
 67725 | Vaults:4 | Found a huge runed gate.
 67726 | Vaults:4 | Found a huge runed gate.
 67727 | Vaults:4 | Found a huge runed gate.
 67728 | Vaults:4 | Found a huge runed gate.
 67736 | Vaults:4 | Found a huge runed gate.
 67736 | Vaults:4 | Found a huge runed gate.
 67736 | Vaults:4 | Found a huge runed gate.
 67736 | Vaults:4 | Found a huge runed gate.
 67736 | Vaults:4 | Found a huge runed gate.
 67736 | Vaults:4 | Found a huge runed gate.
 67737 | Vaults:4 | Found a huge runed gate.
 67738 | Vaults:4 | Found a huge runed gate.
 67739 | Vaults:4 | Found a huge runed gate.
 67747 | Vaults:4 | Found a huge runed gate.
 67747 | Vaults:4 | Found a huge runed gate.
 67747 | Vaults:4 | Found a huge runed gate.
 68258 | Depths:1 | Entered Level 1 of the Depths
 68284 | Depths:1 | Found a bloodstained altar of Trog.
 68446 | Depths:1 | Gained mutation: You are weak. (Str -2) [a neqoxec]
 68492 | Depths:1 | Found a gateway to Hell.
 68604 | Depths:1 | You fall into a shaft and drop 1 floor!
 68763 | Depths:1 | Noticed Asterion
 68771 | Depths:1 | Killed Asterion
 68819 | Depths:1 | Found Xeegumm's Weapon Boutique.
 68934 | Depths:1 | Acquired a manual of Evocations
 69270 | Depths:2 | Reached skill level 22 in Maces & Flails
 69309 | Depths:2 | Reached skill level 14 in Translocations
 69475 | Depths:2 | Reached skill level 15 in Armour
 69475 | Depths:2 | Reached skill level 7 in Evocations
 69552 | Depths:2 | Found Zason's Jewellery Shoppe.
 69559 | Depths:2 | Found Boavoad's Armour Emporium.
 69561 | Depths:2 | Bought the amulet of Midsummer {Regen+ Slay+5 Stlth-} for
                  | 1301 gold pieces
 70351 | Depths:2 | Reached XP level 24. HP: 263/265 MP: 37/37
 70385 | Depths:2 | Reached skill level 8 in Evocations
 70389 | Depths:2 | Found Totuxkos's Jewellery Emporium.
 70565 | Depths:2 | Found a glowing golden altar of the Shining One.
 70681 | Depths:2 | Found a shadowy altar of Dithmenos.
 70695 | Depths:2 | Identified the +0 shadow dragon scales "Meapned" {Regen+
                  | Str+2 Stlth++++}
 70967 | Depths:2 | Found a one-way gate leading to the halls of Pandemonium.
 71146 | Depths:3 | Reached skill level 9 in Evocations
 71169 | Depths:3 | Noticed a juggernaut
 71178 | Depths:3 | Killed a juggernaut
 71601 | Depths:3 | Reached skill level 15 in Translocations
 71652 | Depths:3 | Reached skill level 10 in Evocations
 71772 | Depths:3 | Reached skill level 16 in Armour
 71888 | Depths:3 | Reached skill level 11 in Evocations
 72085 | Depths:3 | Found a one-way gate to the infinite horrors of the Abyss.
 72132 | Depths:3 | Found a one-way gateway to a ziggurat.
 72375 | Depths:3 | Reached skill level 12 in Evocations
 72579 | Depths:3 | Noticed a caustic shrike
 72593 | Depths:3 | Killed a caustic shrike
 72605 | Depths:3 | Noticed a juggernaut
 72619 | Depths:3 | Killed a juggernaut
 73521 | Depths:4 | Entered Level 4 of the Depths
 73584 | Depths:4 | Reached XP level 25. HP: 275/275 MP: 16/37
 73716 | Depths:4 | Found Ebaun's Magic Scroll Shop.
 73718 | Depths:4 | Found Yheic's Antique Weapon Boutique.
 73721 | Depths:4 | Found Urykk's Distillery.
 73724 | Depths:4 | Bought a scroll of summoning for 180 gold pieces
 73728 | Depths:4 | Bought a potion of curing for 66 gold pieces
 73728 | Depths:4 | Bought a potion of might for 88 gold pieces
 73728 | Depths:4 | Bought a potion of ambrosia for 176 gold pieces
 73728 | Depths:4 | Bought a potion of brilliance for 88 gold pieces
 73728 | Depths:4 | Bought a potion of curing for 66 gold pieces
 73728 | Depths:4 | Bought a potion of brilliance for 88 gold pieces
 74036 | Depths:4 | Reached skill level 21 in Fighting
 74187 | Depths:4 | Found a gate to the Realm of Zot.
 74253 | Depths:4 | Noticed a juggernaut
 74265 | Depths:4 | Killed a juggernaut
 75078 | Vaults:5 | Entered Level 5 of the Vaults
 75099 | Vaults:5 | Reached skill level 17 in Armour
 75138 | Vaults:5 | Reached skill level 19 in Dodging
 75174 | Vaults:5 | Identified the +5 war axe "Vaul" {chaos, rPois Will+}
 75179 | Vaults:5 | Reached skill level 22 in Fighting
 75327 | Vaults:5 | Identified the +2 battleaxe of Yrchaidu {heavy, +Blink
                  | rN+++ rCorr Str-4}
 75952 | Vaults:5 | Reached skill level 18 in Armour
 76014 | Vaults:5 | Reached XP level 26. HP: 283/291 MP: 1/37
 76303 | Vaults:5 | Noticed a dread lich
 76317 | Vaults:5 | Killed a dread lich
 76486 | Vaults:5 | Identified the +0 robe of the Lost Mystics {Archmagi}
 76541 | Vaults:5 | Got the Spellbook of Congealing Creation
 76723 | Vaults:5 | Got a silver rune of Zot
 76798 | Vaults:5 | Reached skill level 20 in Dodging
 77032 | Vaults:5 | Identified the +2 dagger "Fikleufe" {freeze, SInv}
 77389 | Vaults:5 | Identified the staff of Tenacity {*Corrode Will++ Conj
                  | Earth}
 77517 | Vaults:5 | Got Eppedghi's Cyclopedia of Snowy Attacks
 77524 | Vaults:5 | Identified the +2 flail of Gozag's Brutal Revenge {pain,
                  | rElec rF+}
 77839 | Zot:1    | Entered Level 1 of the Realm of Zot
 78486 | Zot:4    | Reached skill level 19 in Armour
 78953 | Zot:5    | Entered Level 5 of the Realm of Zot
 79288 | Zot:5    | Noticed a Killer Klown
 79297 | Zot:5    | Killed a Killer Klown
 79404 | Zot:5    | Reached skill level 21 in Dodging
 79829 | Zot:5    | Learned a level 4 spell: Passage of Golubria
 80758 | D:11     | Bought a book of Cantrips for 240 gold pieces
 80760 | D:11     | Learned a level 1 spell: Apportation
 81088 | Zot:5    | Noticed an ancient lich
 81089 | Zot:5    | Noticed a dread lich
 81089 | Zot:5    | Noticed an orb of fire
 81090 | Zot:5    | Noticed a Killer Klown
 81094 | Zot:5    | Got the Orb of Zot
 81098 | Zot:5    | Noticed a dread lich
 81700 | D:$      | Escaped with the Orb!

Illustrated notes

Levels and vault maps discovered:
D:1:      sevenhm_arrival_forest_fort_large_4, layout_rooms, serial_shops,
          nicolae_shop_pleasant_corner_grove
D:2:      layout_basic, basic_altar, uniq_robin
D:3:      layout_loops_corners, minmay_crystal_water,
          minmay_fractal_squares_diagonal_5, uniq_crazy_yiuf_cottage,
          uniq_sigmund
D:4:      layout_gridville, kennysheep_mini_moat, serial_shops, shop
D:5:      layout_basic, mainiacjoe_overflow_cross_hatched,
          mainiacjoe_overflow_boulevard, gammafunk_temple_overflow_elements,
          enter_ossuary_3, portal_sewer_entry_f, serial_shops, shop
D:6:      layout_cave_pools, mainiacjoe_overflow_24_doors,
          minmay_temple_entry_hall
D:7:      layout_cave_pods, nicolae_ashenzari_skybound, feat_on_display
D:8:      cheibrodos_histonic, layout_gridville, enter_bailey_3
D:9:      layout_rooms, marbit_many_paths, minmay_hedge_maze, minmay_holes,
          skrybe_limestone_x, nzn_life_drinkers
D:10:     layout_basic, minmay_lair_entry_grove
D:11:     minmay_firetagon, layout_loops_ring, orc_0_dummy, serial_ice,
          serial_ice_c, serial_ice_n, serial_ice_m, serial_ice_l, serial_ice_h,
          portal_ice_cave_entry_ice_simulacra,
          nicolae_shop_national_dungeon_mall
D:12:     layout_roguey, nicolae_uskayaw_en_pointe, uniq_urug
D:13:     minmay_nested_s, layout_loops_corners, minmay_puff
D:14:     layout_loops_corners, skrybe_vaults_entry_preservation
D:15:     grunt_enter_depths_giant_problem, layout_stronghold
Lair:1:   beast_lair_carwin_large_2, layout_gridlike, st_stairs_11,
          dpeg_stationary_puzzle, grunt_megastairs_3, serial_bayou_shore_a,
          lemuel_fruit_tree
Lair:2:   wander_river, layout_chaotic_city, mainiacjoe_swamp_entry_angry_trees,
          serial_forest, infiniplex_forest_end_2, infiniplex_forest_lined_3,
          infiniplex_forest_lined_corner, infiniplex_forest_split,
          infiniplex_forest_clump_curved, infiniplex_forest_straight_4,
          infiniplex_forest_lined_room_2, serial_bayou_pond_b, uniq_fannar
Lair:3:   layout_regular_city, spider_nest_entry_funnel_web,
          infiniplex_staircase_pool
Lair:4:   lemuel_slime, layout_hall_layers, slime_entry_1, hibernation_bobbens,
          grunt_megastairs_5
Lair:5:   minmay_lair_end_frog_pond, layout_cave_shapes,
          grunt_forest_stairs_basic, disabler_island
Swamp:1:  layout_basic_swamp, hangedman_swamp_blocks, swamp_pool_1_2,
          uniq_frances
Swamp:2:  layout_basic_swamp, gammafunk_ghost_necromancy,
          nicolae_swamp_big_swirl, nzn_swamp_blast_mining,
          nicolae_swamp_decorative_isthmus, uniq_kirke
Swamp:3:  layout_basic_swamp, evilmike_swamp_ruin_house_6, swamp_pool_3,
          uniq_mara
Swamp:4:  swamp_alternative, layout_basic_swamp, infiniplex_staircase_pool_2,
          uniq_aizul
Spider:1: layout_spider_delve
Spider:2: spiders_nest_scorpion_pit, hangedman_spider_tarantella_strand
Spider:3: layout_spider_delve, drop_trap, nicolae_spider_undead_wolf_pack
Spider:4: grunt_spider_rune_parallel, uniq_nikola
Orc:1:    layout_diamond_mine, basic_altar, nicolae_orc_lost_temple
Orc:2:    grunt_orc_tribal_feast, layout_caves, serial_shops, shop, basic_altar,
          guppyfry_orc_lava_fort, uniq_donald
Elf:1:    minmay_elf_arrival_circle, layout_gridlike, ebering_ghost_xom,
          nicolae_elf_crossing_hall
Elf:2:    elven_hall_of_blades_hangedman_original
          [nicolae_blade_entry_sentries_behind_glass], layout_loops_ring,
          basic_altar, portal_desolation_entry_nicolae_nacl
Elf:3:    elf_hall_gauntlet_narrow, layout_onion_city, serial_shops,
          nicolae_shop_hallway_stairs, nicolae_shop_tiny_statue_garden, shop,
          nicolae_shop_pleasant_corner_grove, st_stairs_6, drop_trap
Vaults:1: grunt_vaults_twisty, vaults_room_large_hall,
          nicolae_vaults_trapezoid_2, v_misc_17, nicolae_vaults_tangram_2,
          ontoclasm_vaults_eye, v_alt_pattern_6, ontoclasm_vaults_gateway,
          nicolae_vaults_yaktaur_gun_rack, ontoclasm_vaults_spin, v_misc_26,
          layout_vaults_omnicross, serial_shops, bzr_firewalk
Vaults:2: nicolae_vaults_windows_and_doors_thing,
          nicolae_vaults_ellipses_ellipsis, hangedman_vaults_capsules,
          vaults_room_fancy_cross, v_misc_9, vaults_dpeg_cross,
          nicolae_vaults_stand_back, nicolae_vaults_wine_cellar,
          layout_vaults_big_room, nicolae_trove_entry_free_sample, serial_shops,
          shop, uniq_mennas, uniq_bai_suzhen
Vaults:3: minmay_crypt_entry_simple_round, nicolae_vaults_shipping_containers_5,
          nicolae_vaults_circle_grid_b, v_rooms_1,
          nicolae_vaults_storage_room_glass, v_alt_pattern_2,
          nicolae_vaults_mini_display_case, hangedman_vaults_maws,
          nicolae_vaults_tetromino_T_2, nicolae_vaults_house_2,
          layout_vaults_omnigrid
Vaults:4: not_door_vault_due, nicolae_vaults_little_squares_2,
          vaults_mumra_minichess_inversion, nicolae_vaults_more_shelving_1,
          hangedman_vaults_snaps, vaults_standard_mumra_lines, v_misc_17,
          nicolae_vaults_more_shelving_2, hangedman_vaults_impose,
          grunt_vaults_focal, layout_vaults_ring, serial_shops, shop
Vaults:5
Depths:1: layout_roguey, serial_shops, shop, nicolae_kite_square_tiling_tiny,
          grunt_hell_entry_demonic_statue, minmay_statues_item,
          roderic_roman_lattice, trog_three_pillars_becter, uniq_asterion
Depths:2: regret_index_dithmenos_brocken_genspenst, layout_gridlike,
          nicolae_tso_carved_into_rock, serial_shops, shop_statue, hell_entry,
          grunt_pan_entry_spiral, minmay_shoptagon,
          minmay_staircase_windowed_large
Depths:3: nicolae_herringbone, layout_gridlike, enter_ziggurat_a,
          hangedman_tar_grid_catacomb, minmay_crystal_room, serial_aquarium,
          aquarium_bridge_island_small [aquarium_subvault_small_water,
          aquarium_subvault_bridge, aquarium_subvault_window,
          aquarium_subvault_wall, aquarium_subvault_bridge], aquarium_window_2,
          aquarium_window_fake, aquarium_window_corridor_2, aquarium_window_1,
          aquarium_view_2f, aquarium_pool_2, minmay_room_of_horrors
Depths:4: evilmike_zot_entry_hall, layout_gridlike, abyss_entry_glasseish,
          hellmouth_1, minmay_shop_star
Zot:1:    layout_onion
Zot:2:    layout_basic, hangedman_zot_decor_unnerving_road
Zot:3:    gammafunk_sealed_library, layout_twisted_circle
Zot:4:    nicolae_moth_party, layout_misc_corridors
Zot:5:    layout_twisted_circle

Skill      XL: |  1  2  3  4  5  6  7  8  9 10 11 12 13 14 15 16 17 18 19 20 21 22 23 24 25 26 |
---------------+-------------------------------------------------------------------------------+-----
Maces & Flails | 4 5 6 7 8 10 11 13 14 15 16 17 18 19 20 21 22 | 22.0
Fighting       | 5 6 7 8 10 11 12 13 14 15 16 17 18 19 20 22 | 22.0
Invocations    | 1 2 3 4 6 7 9 10 11 12 13 14 15 16 17 18 | 18.0
Shields        | 3 |  3.1
Dodging        | 4 6 7 8 9 10 11 14 16 17 18 19 21 | 21.4
Translocations | 2 4 5 7 8 11 12 14 15 | 15.0
Armour         | 3 5 6 7 10 13 15 16 18 19 | 19.9
Evocations     | 3 5 6 7 12 | 12.0
Spellcasting   | 1 5 9 10 | 10.0

Action                     |  1- 3 |  4- 6 |  7- 9 | 10-12 | 13-15 | 16-18 | 19-21 | 22-24 | 25-27 || total
---------------------------+-------+-------+-------+-------+-------+-------+-------+-------+-------++-------
  Melee: Mace              |    23 |       |       |       |       |       |       |       |       ||    23
         Whip              |    59 |    83 |   250 |       |       |       |       |       |       ||   392
         Headbutt          |    13 |    13 |    48 |    53 |   151 |   147 |   175 |   345 |   159 ||  1104
         Giant spiked club |       |       |       |   216 |   362 |       |       |     8 |       ||   586
         Great mace        |       |       |       |       |   301 |   933 |  1297 |  1327 |   744 ||  4602
         War axe           |       |       |       |       |       |    22 |       |       |       ||    22
         Giant club        |       |       |       |       |       |       |    85 |       |   177 ||   262
  Throw: Dart              |       |     2 |       |       |       |       |       |       |       ||     2
   Cast: Blink             |       |       |       |       |     1 |     4 |     1 |       |       ||     6
         Lesser Beckoning  |       |       |       |       |       |    38 |       |     1 |     6 ||    45
         Manifold Assault  |       |       |       |       |       |   258 |   579 |   134 |   240 ||  1211
 Invoke: Minor Destruction |       |    22 |    94 |    14 |    23 |    66 |    80 |     1 |     2 ||   302
         Lesser Servant of |       |       |     7 |     5 |     8 |     1 |       |       |       ||    21
         Major Destruction |       |       |       |     6 |    29 |    16 |    25 |    10 |     9 ||    95
         Greater Servant o |       |       |       |       |     2 |     6 |     6 |     3 |       ||    17
  Evoke: Wand              |       |       |       |       |     1 |     7 |     3 |       |     3 ||    14
    Use: Potion            |       |     4 |       |     1 |     3 |     4 |     5 |     1 |    17 ||    35
         Scroll            |       |       |     7 |     8 |     6 |    14 |    10 |     2 |    13 ||    60
   Stab: Distracted        |       |       |       |     2 |     6 |       |     1 |       |       ||     9
         Sleeping          |       |       |       |     1 |     1 |       |       |       |       ||     2
 Armour: Robe              |    42 |    52 |   134 |    22 |       |       |       |       |       ||   250
         Steam dragon scal |       |       |       |   106 |       |       |       |       |       ||   106
         Troll leather arm |       |       |       |    60 |   499 |   261 |       |       |       ||   820
         Acid dragon scale |       |       |       |       |       |   235 |       |       |       ||   235
         Swamp dragon scal |       |       |       |       |       |   361 |   676 |    55 |       ||  1092
         Gold dragon scale |       |       |       |       |       |       |       |  1135 |   557 ||  1692
  Dodge: Dodged            |    30 |    42 |    93 |   109 |   307 |   405 |   471 |   757 |   417 ||  2631
  Block: Other             |       |       |       |    45 |   108 |   104 |   113 |    20 |       ||   390
         Reflection        |       |       |       |     6 |     2 |     6 |     5 |     1 |       ||    20

Table legend: (Time is in decaauts)
 A = Elapsed time spent in this place.
 B = Non-inter-level travel time spent in this place.
 C = Inter-level travel time spent in this place.
 D = Time resting spent in this place.
 E = Time spent auto-exploring this place.
 F = Levels seen in this place.
 G = Mean time per level.
                   A        B        C        D        E       F      G
               +--------+--------+--------+--------+--------+-----+--------+
         Total |  80521 |  74306 |   6215 |  21238 |  41473 |  55 | 1464.0 |
       Dungeon |  19131 |  16336 |   2795 |   1807 |  11764 |  15 | 1275.4 |
          Lair |   8179 |   7279 |    900 |   2402 |   3517 |   5 | 1635.8 |
         Swamp |   8686 |   8500 |    186 |   4640 |   2985 |   4 | 2171.5 |
   Spider Nest |  11618 |  11321 |    297 |   5381 |   4803 |   4 | 2904.5 |
  Orcish Mines |   2913 |   2683 |    230 |   1207 |    973 |   2 | 1456.5 |
   Elven Halls |   7581 |   7388 |    193 |   2174 |   4389 |   3 | 2527.0 |
        Vaults |   8067 |   7426 |    641 |    794 |   5344 |   5 | 1613.4 |
        Depths |   6947 |   6307 |    640 |    920 |   4319 |   4 | 1736.8 |
           Zot |   2762 |   2433 |    329 |    996 |   1020 |   5 |  552.4 |
         Abyss |    270 |    270 |      0 |    116 |      0 |   2 |  135.0 |
        Bazaar |    209 |    209 |      0 |      0 |    187 |   1 |  209.0 |
         Trove |     88 |     88 |      0 |      0 |      0 |   1 |   88.0 |
         Sewer |    775 |    775 |      0 |      0 |    583 |   1 |  775.0 |
        Bailey |    416 |    416 |      0 |      0 |    254 |   1 |  416.0 |
      Ice Cave |    901 |    901 |      0 |    285 |    327 |   1 |  901.0 |
    Desolation |   1969 |   1969 |      0 |    511 |   1008 |   1 | 1969.0 |
               +--------+--------+--------+--------+--------+-----+--------+

Top non-repeatable levels by time:
   Elf:3: 5120 daAuts
Spider:4: 3577 daAuts
 Swamp:3: 3534 daAuts
Spider:2: 3413 daAuts
Spider:3: 2750 daAuts
 Swamp:2: 2569 daAuts
  Lair:3: 2529 daAuts
Depths:3: 2419 daAuts
   Orc:2: 2356 daAuts
    D:13: 2285 daAuts
Desolation: 1969 daAuts
Spider:1: 1877 daAuts
Vaults:4: 1828 daAuts
Depths:2: 1789 daAuts
Vaults:5: 1757 daAuts

Table legend:
 A = Kills in this place as a percentage of kills in the entire game.
 B = Kills by you in this place as a percentage of kills by you in the entire game.
 C = Kills by friends in this place as a percentage of kills by friends in the entire game.
 D = Other kills in this place as a percentage of other kills in the entire game.
 E = Experience gained in this place as a percentage of experience gained in the entire game.
 F = Experience gained in this place divided by the number of levels of this place that you have seen.
                   A       B       C       D       E      F
               +-------+-------+-------+-------+-------+----------------------
         Total | 100.0 | 100.0 | 100.0 | 100.0 | 100.0 | 22767.9
       Dungeon |  17.8 |  17.9 |   9.3 |   0.0 |   7.0 | 5864.7
          Lair |  11.2 |  10.4 |  55.8 |   0.0 |   6.0 | 15008.8
         Swamp |   6.2 |   6.0 |  16.3 | 100.0 |   6.9 | 21574.0
   Spider Nest |  12.6 |  12.7 |   4.7 |   0.0 |  10.0 | 31179.2
  Orcish Mines |   5.2 |   5.3 |   0.0 |   0.0 |   1.6 | 9799.0
   Elven Halls |   6.1 |   6.2 |   0.0 |   0.0 |   7.5 | 31336.7
        Vaults |  17.1 |  17.4 |   2.3 |   0.0 |  26.5 | 66320.4
        Depths |  12.0 |  12.2 |   0.0 |   0.0 |  20.0 | 62764.5
           Zot |   3.7 |   3.8 |   0.0 |   0.0 |   9.4 | 23627.2
         Abyss |   1.3 |   1.1 |  11.6 |   0.0 |   1.3 | 8207.0
         Sewer |   0.9 |   0.9 |   0.0 |   0.0 |   0.1 | 725.0
        Bailey |   0.9 |   0.9 |   0.0 |   0.0 |   0.1 | 1544.0
      Ice Cave |   2.2 |   2.2 |   0.0 |   0.0 |   0.8 | 9869.0
    Desolation |   2.8 |   2.9 |   0.0 |   0.0 |   2.8 | 35250.0
               +-------+-------+-------+-------+-------+----------------------
